 Dungeon Crawl Stone Soup version 0.29.1-15-g9cfb28693d (webtiles) character file.

Game seed: 6398468191557397931

3509 Eitelfritz the Carver (level 9, 0/79 HPs)
             Began as a Minotaur Gladiator on Apr 14, 2023.
             Constricted to death by a centaur (1 damage)
             ... on level 7 of the Dungeon.
             The game lasted 00:18:13 (9257 turns).

Eitelfritz the Carver (Minotaur Gladiator)          Turns: 9257, Time: 00:18:13

Health: 0/79       AC: 10    Str: 18    XL:     9   Next: 81%
Magic:  0/8        EV: 11    Int:  9    God:
Gold:   400        SH:  0    Dex: 13    Spells: 8/8 levels left

rFire   . . .      SeeInvis .   a - +2 falchion (vorpal)
rCold   . . .      Faith    .   (no shield)
rNeg    . . .      Spirit   +   n - +3 leather armour {rPois}
rPois   +          Reflect  .   c - +1 hat
rElec   .          Harm     .   (no cloak)
rCorr   .          Rampage  .   x - +0 pair of gloves
Will    .....                   A - +0 pair of boots
Stlth   ++........              i - amulet of guardian spirit
HPRegen 0.23/turn               f - ring of poison resistance
MPRegen 0.11/turn               (no ring)

@: grasped by roots, constricted, invisible
A: horns 2, retaliatory headbutt
a: no special abilities


You were on level 7 of the Dungeon.
You visited 2 branches of the dungeon, and saw 8 of its levels.
You also visited: Sewer and Bailey.

You collected 442 gold pieces.
You spent 42 gold pieces at shops.

Inventory:

Hand Weapons
 a - a +2 vorpal falchion (weapon)
 b - a +0 sling
 o - a +0 long sword
 B - the +10 flail "Talehiar" {vorpal, rC+ rN++}
   (You found it on level 4 of the Dungeon)

   It inflicts extra damage upon your enemies.
   rC:        It protects you from cold.
   rN:        It greatly protects you from negative energy.
Missiles
 d - 2 throwing nets (quivered)
 e - a javelin
 h - 4 curare-tipped darts
 q - 7 boomerangs
 v - 30 poisoned darts
Armour
 c - a +1 hat (worn)
 n - a +3 leather armour of poison resistance (worn)
 x - a +0 pair of gloves (worn)
 A - a +0 pair of boots (worn)
Jewellery
 f - a ring of poison resistance (left hand)
 i - an amulet of guardian spirit (around neck)
 s - a ring of flight
Wands
 g - a wand of flame (47)
 u - a wand of polymorph (7)
Scrolls
 r - a scroll of amnesia
 t - a scroll of fog
 y - a scroll of silence
 C - 2 scrolls of teleportation
Potions
 j - 2 potions of lignification {unknown}
 k - 2 potions of haste {unknown}
 l - 3 potions of magic
 m - 7 potions of mutation
 p - a potion of might
 w - a potion of resistance {unknown}
 z - a potion of heal wounds {unknown}
 D - 3 potions of invisibility
 E - 3 potions of brilliance {unknown}


   Skills:
 + Level 7.1 Fighting
 + Level 10.9 Long Blades
 + Level 3.9 Ranged Weapons
 + Level 2.1 Throwing
 + Level 6.7 Armour
 + Level 7.2 Dodging
 + Level 2.5 Stealth


You had 8 spell levels left.
You didn't know any spells.
Your spell library contained the following spells:

 Spells                   Type           Power      Damage    Failure   Level
 Freeze                   Ice            0%         1d3       43%         1
 Necrotise                Necr           0%         1d4       43%         1
 Blink                    Tloc           0%         N/A       56%         2
 Static Discharge         Conj/Air       0%         3-3/arc   56%         2
 Frozen Ramparts          Ice            0%         1d1       80%         3
 Gell's Gravitas          Tloc           0%         N/A       80%         3
 Teleport Other           Tloc           0%         N/A       80%         3
 Vampiric Draining        Necr           0%         2d6       80%         3
 Hailstorm                Conj/Ice       0%         3d3       99%         4
 Agony                    Necr           0%         N/A       100%        5
 Lightning Bolt           Conj/Air       0%         1d11      100%        5
 Manifold Assault         Tloc           0%         N/A       100%        5
 Dispersal                Tloc           0%         N/A       100%        6
 Storm Form               Tmut/Air       0%         N/A       100%        7
 Maxwell's Capacitive Co  Air            0%         ∞         100%        8


Dungeon Overview and Level Annotations

Branches:
Dungeon (7/15)             Temple (1/1) D:6           Sewer (visited)
 Bailey (visited)

Altars:
Ashenzari
Cheibriados
Dithmenos
Elyvilon
Fedhas
Gozag
Kikubaaqudgha
Makhleb
Nemelex Xobeh
Okawaru
Qazlal
Ru
Sif Muna
Trog
Uskayaw
Vehumet
Wu Jian
Xom
Zin
The Shining One

Shops:
D:1 ?

Annotations:
D:5 2 transporters
D:7 Dowan, Duvessa


Innate Abilities, Weirdness & Mutations

You have a pair of horns on your head.
You reflexively headbutt those who attack you in melee.


Message History

Duvessa hits you with a +0 short sword.
* * * LOW HITPOINT WARNING * * *
Dowan hits you but does no damage.
It was a potion of magic.
Magic courses through your body.
The centaur hits you but does no damage.
The centaur closely misses you. Duvessa completely misses you.
Dowan barely misses you.
The centaur zaps a wand.
The roots erupt in riotous growth!
The grasping roots grab you!
Dowan is unaffected.
The centaur is unaffected.
Duvessa is unaffected.
The grasping roots constrict you.
* * * LOW HITPOINT WARNING * * *
Unknown command.
Okay, then.
Unknown command.
Unknown command.
It was a potion of invisibility.
You fade into invisibility!
The centaur barely misses you. You furiously retaliate!
You headbutt the centaur!
The centaur kicks you but does no damage.
The grasping roots constrict you.
* * * LOW HITPOINT WARNING * * *
Duvessa hits you with a +0 short sword.
* * * LOW HITPOINT WARNING * * *
Dowan hits you but does no damage.
Unknown command.
You hit Dowan. You headbutt Dowan!
Dowan is moderately wounded.
The centaur hits you.
* * * LOW HITPOINT WARNING * * *
The centaur closely misses you. The grasping roots constrict you.
Duvessa hits you with a +0 short sword.
* * * LOW HITPOINT WARNING * * *
Dowan casts a spell at you. The puff of flame hits you.
* * * LOW HITPOINT WARNING * * *
The centaur hits you but does no damage.
The centaur closely misses you. The grasping roots constrict you.
You die...

##.<......# #.#
##........# #.#
##........# #.#
##.###.#### #.# ...#
#....# #.# #### ####.#
#.# .# ##.#.# #[# .#
##.#..# #.#
.####.###.######@#
.......#.......ece....#
.###.##....####...<...#
.##.####.#.# #..[....#
.###.###...# #.........
## ##.#.#### #.......##
# #...# #.......# #
#...# #.......# # #...#


You could see Duvessa (unable to see you), Dowan (unable to see you) and a
centaur (unable to see you).

Vanquished Creatures
  Sigmund (D:3)
  Eustachio (D:5)
  10 orc warriors (Bailey)
  A black bear (D:5)
  2 centaurs (D:5)
  An ogre (D:6)
  A phantom (D:5)
  The ghost of Route97 the Conjurer, an amateur DECj (D:4)
  5 kobold brigands (Sewer)
  A bullfrog (D:6)
  3 necrophages
  3 jellies (D:5)
  3 hounds
  An orc priest (D:4)
  Jessica (D:2)
  5 iguanas
  2 orc wizards
  13 adders
  7 gnolls (Bailey)
  2 river rats (D:6)
  A white imp (D:6)
  4 ufetubi
  7 worms
  3 dart slugs
  20 orcs
  5 ball pythons
  5 bats
  8 endoplasms
  6 giant cockroaches
  15 goblins
  19 hobgoblins
  A jackal (D:1)
  13 kobolds
  2 quokkas
  5 frilled lizards
  10 rats
188 creatures vanquished.

Vanquished Creatures (collateral kills)
  An orc knight (Bailey)
  A goblin (Bailey)
  3 hobgoblins (Bailey)
5 creatures vanquished.

Vanquished Creatures (others)
  A plant (Sewer)
1 creature vanquished.

Grand Total: 194 creatures vanquished

Notes
Turn   | Place    | Note
-------+----------+-------------------------------------------
     0 | D:1      | Eitelfritz the Minotaur Gladiator began the quest for the
                  | Orb.
     0 | D:1      | Reached XP level 1. HP: 18/18 MP: 0/0
   259 | D:1      | Reached skill level 4 in Long Blades
   259 | D:1      | Reached XP level 2. HP: 20/25 MP: 1/1
   608 | D:1      | Found a faded altar of an unknown god.
   644 | D:1      | Found Beejeg's Magic Scroll Shop.
   650 | D:1      | Bought a scroll of identify for 28 gold pieces
   650 | D:1      | Bought a scroll of noise for 14 gold pieces
  1054 | D:1      | Reached XP level 3. HP: 29/30 MP: 2/2
  1295 | D:2      | Noticed Jessica
  1302 | D:2      | Killed Jessica
  1347 | D:2      | Reached skill level 1 in Armour
  1413 | D:2      | Reached XP level 4. HP: 28/37 MP: 3/3
  1418 | D:2      | Reached skill level 5 in Long Blades
  1572 | D:2      | Found a shimmering altar of Xom.
  2388 | D:3      | Found a snail-covered altar of Cheibriados.
  2561 | D:3      | Found a white marble altar of Elyvilon.
  2561 | D:3      | Found a shadowy altar of Dithmenos.
  2563 | D:3      | Found a radiant altar of Vehumet.
  2563 | D:3      | Found a glowing golden altar of the Shining One.
  2563 | D:3      | Found a burning altar of Makhleb.
  2563 | D:3      | Found a bloodstained altar of Trog.
  2565 | D:3      | Found a shimmering altar of Xom.
  2565 | D:3      | Found an ancient bone altar of Kikubaaqudgha.
  2565 | D:3      | Found an opulent altar of Gozag.
  2567 | D:3      | Noticed Sigmund
  2585 | D:3      | Killed Sigmund
  2586 | D:3      | Reached skill level 6 in Long Blades
  2586 | D:3      | Reached XP level 5. HP: 39/45 MP: 4/4
  2586 | D:3      | Reached XP level 6. HP: 44/51 MP: 5/5
  3436 | D:4      | Found a runed translucent gate.
  3436 | D:4      | Found a runed translucent gate.
  3464 | D:4      | Found a runed translucent gate.
  3470 | D:4      | Noticed Route97's ghost (amateur DECj)
  3797 | D:4      | Identified the +10 flail "Talehiar" {vorpal, rC+ rN++}
  3885 | D:4      | Reached skill level 1 in Ranged Weapons
  4407 | D:5      | Entered Level 5 of the Dungeon
  4452 | D:5      | Noticed Eustachio
  4454 | D:5      | Reached XP level 7. HP: 54/57 MP: 6/6
  4606 | D:5      | Killed Eustachio
  4607 | D:5      | Reached skill level 7 in Long Blades
  5060 | D:5      | Reached skill level 5 in Armour
  5064 | D:5      | Reached skill level 5 in Dodging
  5064 | D:5      | Reached XP level 8. HP: 53/67 MP: 5/7
  5432 | D:5      | Found a transporter.
  5441 | D:5      | Found a transporter.
  5761 | D:4      | Killed Route97's ghost
  5762 | D:4      | Reached skill level 8 in Long Blades
  5902 | D:6      | Reached skill level 1 in Stealth
  5963 | D:6      | Found a glowing drain.
  5974 | Sewer    | Entered a sewer
  6003 | Sewer    | Reached skill level 5 in Fighting
  6655 | D:6      | Reached skill level 9 in Long Blades
  7160 | D:6      | Reached XP level 9. HP: 71/74 MP: 8/8
  7191 | D:6      | Found a staircase to the Ecumenical Temple.
  7260 | Temple   | Entered the Ecumenical Temple
  7387 | D:7      | Found a flagged portal.
  7396 | Bailey   | Entered a bailey
  7913 | Bailey   | HP: 2/75 [orc warrior/+0 war axe (18)]
  8229 | Bailey   | Noticed an orc knight
  8246 | Bailey   | Killed an orc knight
  8247 | Bailey   | Reached skill level 10 in Long Blades
  8469 | Bailey   | Noticed an orc warlord
  9241 | D:7      | Noticed Duvessa
  9246 | D:7      | Noticed Dowan
  9257 | D:7      | HP: 3/79 [Duvessa/+0 short sword (1)]
  9257 | D:7      | HP: 1/79 [Dowan/puff of flame (2)]
  9257 | D:7      | Constricted to death by a centaur

Illustrated notes

Levels and vault maps discovered:
D:1:      dpeg_arrival_concentric_ovals, layout_loops_corners, serial_shops,
          shop_statue, ebering_ecumenical_altar_mist, minmay_nonomino_d4
D:2:      layout_loops_ring, basic_altar, st_stairs_7, uniq_jessica
D:3:      layout_rooms, mainiacjoe_overflow_brackets, nicolae_overflows_in_rows,
          kennysheep_generic_room_15, uniq_sigmund
D:4:      layout_basic, ebering_ghost_rock_garden
D:5:      gammafunk_steamed_eel, layout_cave_pools, serial_park,
          serial_park_tiny_1, serial_park_avenue1, serial_park_gazebo
          [serial_park_minivault_5x5_3], uniq_eustachio
D:6:      layout_loops_ring, minmay_temple_entry_poolview,
          lightli_sewer_entry_pipes, kennysheep_dice
D:7:      layout_loops_cross, enter_bailey_8, uniq_duvessa
Temple:   nicolae_temple_ecumenical_triangle

Skill      XL: |  1  2  3  4  5  6  7  8  9 |
---------------+----------------------------+-----
Long Blades    | 4 6 7 9 10 | 10.9
Dodging        | 4 5 6 7 |  7.2
Armour         | 1 3 4 5 6 |  6.7
Fighting       | 3 4 5 7 |  7.1
Ranged Weapons | 2 3 |  3.9
Stealth        | 1 2 |  2.5
Throwing       | |  2.1

Action                   |  1- 3 |  4- 6 |  7- 9 || total
-------------------------+-------+-------+-------++-------
Melee: Long sword        |    49 |   119 |    24 ||   192
       Headbutt          |     5 |    19 |    67 ||    91
       Punch             |       |     1 |       ||     1
       Falchion          |       |       |   339 ||   339
 Fire: Sling             |       |    25 |    10 ||    35
Throw: Throwing net      |       |     1 |       ||     1
  Use: Scroll            |       |    12 |     4 ||    16
       Potion            |       |     1 |     7 ||     8
 Stab: Sleeping          |     1 |       |     3 ||     4
Armor: Leather armour    |     8 |       |    92 ||   100
       Ring mail         |     6 |    25 |       ||    31
       Scale mail        |       |    24 |    22 ||    46
Dodge: Dodged            |    42 |    76 |   271 ||   389
